 Dungeon Crawl Stone Soup version 0.32-a0-576-g706899e (webtiles) character file.

Game seed: 10700189500430724530

11811956 Mumonspawn the Grand Master (level 27, 251/367 HPs)
             Began as a Pale Draconian Berserker on Mar 1, 2024.
             Was a High Priest of Trog.
             Escaped with the Orb
             ... and 13 runes
             ... and 2 gems!
             The game lasted 03:16:59 (104257 turns).

Mumonspawn the Grand Master (DrBe)                Turns: 104257, Time: 03:16:59

Health: 251/367    AC: 25    Str: 38    XL:     27
Magic:  20/20      EV: 37    Int: 10    God:    Trog [*****.]
Gold:   8018       SH:  0    Dex: 29    Spells: 26/26 levels left

rFire   + +          .
                       - Unarmed
rCold   + . .        i - melded orb "Fatt" {light, Rampage rCorr Str+3}
rNeg    + . .        (body armour unavailable)
rPois   +            Y - melded +2 hat {Stlth+}
rElec   .            H - melded scarf {rC+ rF+}
rCorr   .            a - melded +0 pair of gloves of the gadgeteer {Gadgeteer Wandboost ^Fragile}
SInv    .            F - melded +2 pair of boots {Stlth+}
Will    ++++.        r - macabre finger necklace {Finger+ rN+}
Stlth   ++++         J - ring of the Townfolk {^Drain rF++ rC+ Str+2}
HPRegen 1.81/turn    n - ring of Wabri {Str+5 Dex+6 Slay+5}
MPRegen 0.17/turn    X - ring "Hicea" {EV+5 Int+4 Slay+4}

%: random rage (3%)
@: dragon-form, strong-willed (expiring), flying, regenerating (expiring)
A: dragon claw, dragon scales, flying, boosted hp, steam breath, AC +13, giant,
unfitting armour, (cold-blooded), steam resistance, berserk 1, dopey 1, frail 1,
low MP 1, (poison resistance), (electricity resistance)
0: Orb of Zot
}: 13/15 runes: serpentine, barnacled, slimy, silver, iron, obsidian, bone,
abyssal, demonic, glowing, magical, fiery, dark
a: Steam Breath, Begin Untransformation, Renounce Religion, Berserk, Trog's
Hand, Brothers in Arms


You escaped.
You worshipped Trog.
Trog was extremely pleased with you.
You were a fearsome steam dragon!
You visited 17 branches of the dungeon, and saw 86 of its levels.
You visited Pandemonium 2 times, and saw 20 of its levels.
You visited the Abyss 2 times.
You visited 1 bazaar.
You also visited: Trove, Sewer, Bailey and Wizlab.

You collected 15517 gold pieces.
You spent 7499 gold pieces at shops.

Inventory:

Hand Weapons
 q - the +6 sword of Cerebov {flame}
   (You took it off Cerebov in Pandemonium)
Missiles
 c - 27 curare-tipped darts {!f}
 z - 16 throwing nets (quivered) {!f}
Armour
 a - the +0 pair of gloves of the gadgeteer (melded) {Gadgeteer Wandboost ^Fragile}
   (You bought it in a shop on level 5 of the Vaults)

   Gadgeteer: Your evocable items recharge 30% faster and wands have a 30%
   chance to not spend a charge.
   Wandboost: Your wands are more powerful.
   ^Fragile:  It will be destroyed if unequipped.
 i - the orb "Fatt" (melded) {light, Rampage rCorr Str+3}
   (You bought it in a shop in a bazaar)

   Str+3:     It affects your strength (+3).
   rCorr:     It protects you from acid and corrosion.
   Rampage:   It bestows one free step when moving towards enemies.
 F - a +2 pair of boots of stealth (melded)
 H - a scarf of resistance (melded)
 Y - a +2 hat of stealth (melded)
Jewellery
 m - the dreamshard necklace {Acrobat *Dream}
   (You took it off a hell knight on level 2 of the Depths)

   [amulet of the acrobat]

   *Dream:    It absorbs a single lethal wound into itself, holding its wearer
   just short of death and releasing dream-creatures to guard them.
   Acrobat:   It increases your evasion while moving and waiting.
 n - the ring of Wabri (right foreclaw) {Str+5 Dex+6 Slay+5}
   (You found it on level 11 of the Dungeon)

   [ring of dexterity]

   Str+5:     It affects your strength (+5).
   Dex+6:     It affects your dexterity (+6).
   Slay+5:    It affects your accuracy & damage with ranged weapons and melee
   (+5).
 r - the macabre finger necklace (around neck) {Finger+ rN+}
   (You found it on level 5 of the Pits of Slime)

   [amulet of nothing]

   Finger+:   It enables you to equip an extra ring.
   rN+:       It protects you from negative energy.
 I - the ring "Ciaboy" {Will+ Str+6}
   (You found it on level 7 of the Iron City of Dis)

   [ring of strength]

   Str+6:     It affects your strength (+6).
   Will+:     It increases your willpower.
 J - the ring of the Townfolk (left foreclaw) {^Drain rF++ rC+ Str+2}
   (You took it off a deep elf demonologist on level 3 of the Elven Halls)

   [ring of protection from cold]

   Str+2:     It affects your strength (+2).
   rF++:      It greatly protects you from fire.
   rC+:       It protects you from cold.
   ^Drain:    It drains your maximum health when unequipped.
 L - the ring of Bos Qio {Fire Str+5 Int+3 Dex-5 Stlth+}
   (You found it on level 3 of the Tomb of the Ancients)

   [ring of fire]

   Fire:      It enhances your fire magic.
   Str+5:     It affects your strength (+5).
   Int+3:     It affects your intelligence (+3).
   Dex-5:     It affects your dexterity (-5).
   rF+:       It protects you from fire.
   rC-:       It makes you vulnerable to cold.
   Stlth+:    It makes you more stealthy.
 U - the ring "Gag Cergh" {Ice +Blink Will- rCorr Str+6}
   (You took it off a merfolk on level 4 of the Shoals)

   [ring of ice]

   Ice:       It enhances your ice magic.
   Str+6:     It affects your strength (+6).
   rF-:       It makes you vulnerable to fire.
   rC+:       It protects you from cold.
   Will-:     It decreases your willpower.
   +Blink:    It lets you blink.
   rCorr:     It protects you from acid and corrosion.
 X - the ring "Hicea" (on amulet) {EV+5 Int+4 Slay+4}
   (You found it on level 3 of the Crypt)

   [ring of evasion]

   EV+5:      It affects your evasion (+5).
   Int+4:     It affects your intelligence (+4).
   Slay+4:    It affects your accuracy & damage with ranged weapons and melee
   (+4).
Talismans
 A - a dragon-blood talisman (active)
Wands
 d - a wand of mindburst (43)
 e - a wand of paralysis (75)
 g - a wand of roots (135)
 D - a wand of digging (39)
 G - a wand of light (35)
 O - a wand of polymorph (33)
Scrolls
 b - 8 scrolls of vulnerability
 p - 2 scrolls of butterflies
 s - 11 scrolls of revelation {!r}
 w - 12 scrolls of poison
 y - a scroll of fog {!r}
 R - 9 scrolls of fear {!r}
 S - 2 scrolls of immolation
 T - 8 scrolls of teleportation {!r}
Potions
 f - 6 potions of magic {!q}
 h - 3 potions of haste {!q}
 j - 11 potions of attraction
 l - 6 potions of lignification {!q}
 o - 3 potions of cancellation {!q}
 t - 9 potions of berserk rage {!q}
 u - 4 potions of heal wounds {!q}
 v - 11 potions of enlightenment {!q!q}
 E - 4 potions of invisibility {!q}
 K - 10 potions of might {!q}
 M - 7 potions of resistance {!q}
 P - 3 potions of ambrosia {!q}
 Q - 12 potions of curing {!q}
Miscellaneous
 k - the horn of Geryon
 x - a phantom mirror
 B - a condenser vane
 C - a phial of floods
 N - a figurine of a ziggurat {!V}
 V - a lightning rod (4/4)
 Z - a sack of spiders (inert)


   Skills:
 O Level 27 Fighting
 - Level 3.0 Throwing
 * Level 26.4 Dodging
 O Level 27 Stealth
 O Level 27 Unarmed Combat
 O Level 27 Evocations
 O Level 27 Shapeshifting


You had 26 spell levels left.
You didn't know any spells.
Your spell library contained the following spells:

 Spells                   Type           Power      Damage    Failure   Level
 Sublimation of Blood     Necr           0%         N/A       50%         2
 Petrify                  Alch/Erth      0%         N/A       98%         4
 Irradiate                Conj/Alch      0%         3d11      100%        5


Dungeon Overview and Level Annotations

Branches:
Dungeon (15/15)            Temple (0/1) D:7            Lair (5/5) D:10
 Shoals (4/4) Lair:3        Snake (4/4) Lair:3        Slime (5/5) Lair:4
    Orc (2/2) D:11            Elf (3/3) Orc:2        Vaults (5/5) D:13
  Crypt (3/3) Vaults:3       Tomb (3/3) Crypt:3      Depths (4/4) D:15
   Hell (visited)             Dis (7/7) Hell            Geh (7/7) Hell
    Coc (7/7) Hell            Tar (7/7) Hell            Zot (5/5) Depths:4
  Sewer (visited)          Bailey (visited)          WizLab (visited)

Altars:
Ashenzari
Fedhas
Kikubaaqudgha
Makhleb
Nemelex Xobeh
Qazlal
Ru
Sif Muna
Trog
Uskayaw
Vehumet
Yredelemnul
Zin
The Shining One
Beogh
Jiyva
Lugonu

Shops:
D:12 :   Orc:2 ((*[   Elf:1 :=:   Elf:2 *   Shoals:2 [   Shoals:3 (*[
Snake:4 [[   Vaults:3 ?   Vaults:5 *   Depths:1 [?![

Portals:
Hell: Depths:1 Depths:2 Depths:3 Depths:4
Abyss: Depths:3
Pandemonium: Depths:2 Depths:4
Ziggurat: Depths:2

Annotations:
D:14 exclusion: wraith
Vaults:4 1 exclusion


Innate Abilities, Weirdness & Mutations

You are a fearsome steam dragon!
You have a powerful clawing attack.
Your giant scaled body is strong and resilient, but less evasive.
Your breath weapon is enhanced in this form.
You are flying.
Your maximum health is greatly increased.
Your armour is entirely melded.
You are incapable of wielding weapons or throwing items.
You can breathe blasts of scalding, opaque steam.
Your pale cyan-grey scales are hard. (AC +13)
You cannot fit into any form of body armour.
((You are cold-blooded and may be slowed by cold attacks.))
You are immune to the effects of steam.
You sometimes lose your temper in combat.
You are dopey. (Int -2)
You are frail. (-10% HP)
Your magical capacity is low. (-10% MP)
((Your system is resistant to poisons. (rPois)))
((You are resistant to electric shocks. (rElec)))


Message History

There is a tree there.
Okay, then.
You feel yourself speed up.
Aiming: Steam Breath
Press: ? - help, Shift-Dir - straight line, f - Brimstone Fiend
Aim: a Brimstone Fiend (89% to hit)
You exhale a blast of scalding steam.
The bush is engulfed in a cloud of scalding steam.
A red devil comes into view. It is wielding a +0 trident.
The red devil moves out of view.
A demonic crawler comes into view.
The Brimstone Fiend calls on the powers of darkness!
Your body is wracked with pain!
Looks drowsy 체력이 60% 이하.. @3 164 의 대미지, 남은 HP3 = 203/367 hp.
Your skin crawls.
You feel strong-willed.
A profane servitor comes into view.
It is wielding a +3 demon whip of electrocution.
There is a stone staircase leading up here.
You fly upwards.
There is a stone staircase leading down here.
What level of the Dungeon? (default 1, ? - help)
Things that are here:
a +0 dagger; a goblin skeleton
There is a stone staircase leading up here.
You fly upwards.
There is a stone staircase leading down here.
Your extra speed is starting to run out.
Aiming: Dig
Press: ? - help, Shift-Dir - straight line This square is covered in magical glow.
The rock shatters into small pieces.
You feel yourself slow down.
Blink to where?
Press: ? - help, Dir - move target
As you read the scroll of blinking, it crumbles to dust.
You can't go down here!
You feel the effects of Trog's Hand fading.
You have escaped!

#.....# #.#.# #.....# #.#.#
############### #....
#####..........(..########.#
###..........⌠..........####.#
##...⌠.................⌠...##..
##........⌠.........⌠........##.
#.............................#.
#...⌠..........D..........⌠...#.
#.............................#.
##........⌠.........⌠........##.
####...⌠.................⌠...##..
..####..........⌠..........####.#
#...###'##.[...........##+#####.#
.........#########.#####..#..÷...
####......................#..####
............................÷#


There were no monsters in sight!

Vanquished Creatures
  Cerebov (Pan)
  Antaeus (Coc:7)
  the Royal Jelly (Slime:5)
  Gloorx Vloq (Pan)
  Asmodeus (Geh:7)
  Ereshkigal (Tar:7)
  Mnoleg (Pan)
  Lom Lobon (Pan)
  the Serpent of Hell (Tar:7)
  Dispater (Dis:7)
  7 dread liches
  4 orbs of fire (Zot:5)
  2 ancient liches
  3 juggernauts (Dis:7)
  Sojobo (Crypt:1)
  17 royal mummies
  11 shard shrikes
  3 Killer Klowns (Zot:5)
  Saint Roka (Snake:4)
  Vashnia (Snake:4)
  Margery (Crypt:1)
  Geryon (Hell)
  6 golden dragons
  6 pandemonium lords (Pan)
  17 caustic shrikes
  4 profane servitors
  10 bone dragons
  15 hellephants
  14 Brimstone Fiends
  3 doom hounds (Tar:7)
  8 Tzitzimimeh
  10 iron giants
  Jorgrun (Shoals:1)
  3 electric golems
  10 tainted leviathans
  24 Hell Sentinels
  2 shard shrike skeletons
  10 liches
  19 Ice Fiends
  18 Orb Guardians
  13 tentacled monstrosities
  10 searing wretches
  4 deep elf blademasters
  5 deep elf master archers
  3 quicksilver dragons
  16 sphinxes
  22 titans
  A walking frostbound tome (Depths:2)
  42 ancient champions
  22 Executioners (Pan)
  A tentacled starspawn (Abyss:3)
  19 acid blobs
  10 death cobs
  8 tengu reavers
  A kraken (Shoals:1)
  Agnes (Snake:3)
  Gastronok (Lair:1)
  Aizul (Vaults:1)
  Donald (Shoals:1)
  15 storm dragons
  5 rockslimes
  9 nagarajas
  4 revenants
  15 demonspawn warmongers (Pan)
  16 narguns
  Ilsuiw (Shoals:2)
  5 draconian monks
  7 shadow dragons
  3 fenstrider witches
  22 fire giants
  4 iron dragons (Dis:7)
  20 frost giants
  12 azure jellies
  A draconian shifter (Depths:4)
  6 protean progenitors (Pan)
  6 deep elf sorcerers
  46 balrugs
  2 draconian knights
  9 quicksilver elementals
  5 ghost moths (Pan)
  A caustic shrike zombie (Tomb:2)
  A spectral caustic shrike (Tar:2)
  Louise (Elf:2)
  13 vault wardens
  4 spectral juggernauts (Tar:3)
  2 draconian stormcallers
  10 shard shrike simulacra
  3 orc warlords
  19 cacodemons
  5 deep elf elementalists (Elf:3)
  5 curse skulls
  4 ghouls
  4 draconian annihilators
  9 ironbound thunderhulks
  8 juggernaut skeletons
  9 demonspawn corrupters (Pan)
  4 formless jellyfish
  22 ironbound preservers
  9 quicksilver oozes
  6 spriggan defenders
  15 vampire knights
  36 reapers
  6 demonspawn blood saints (Pan)
  4 caustic shrike skeletons (Pan)
  10 demonspawn black suns (Pan)
  6 green draconians
  18 stone giants
  11 very ugly things
  5 deep elf demonologists
  11 elemental wellsprings
  6 putrid mouths
  6 black draconians
  10 purple draconians
  9 lorocyprocas
  8 deep elf death magi
  6 dire elephants
  2 eleionomae (WizLab)
  11 red draconians
  25 war gargoyles
  A yellow draconian (Zot:5)
  4 bennus (Tomb:3)
  7 deep elf annihilators
  12 wendigos
  A spark wasp (Depths:3)
  4 starcursed masses (Abyss:3)
  8 white draconians
  6 iron golems
  A spectral quicksilver dragon (Tar:4)
  16 green deaths
  14 ettins
  6 merfolk javelineers
  9 eidola
  3 shambling mangroves (WizLab)
  21 mummy priests
  8 deep elf high priests
  3 crystal guardians (Crypt:3)
  18 blizzard demons
  10 jiangshi
  8 merfolk impalers
  22 yaktaur captains
  5 entropy weavers
  7 fire dragons
  Josephine (Orc:2)
  4 spriggan zombies
  Harold (Lair:2)
  A kraken zombie (Hell)
  9 hydras
  5 rakshasas
  A spectral shadow dragon (Tar:1)
  9 salamander tyrants
  13 ice dragons
  18 great orbs of eyes
  12 hell beasts
  3 catoblepae
  A peacekeeper (Vaults:4)
  8 caustic shrike simulacra
  7 juggernaut simulacra
  Erolcha (D:12)
  An alligator (shapeshifter) (Vaults:5)
  2 spriggan air magi (Depths:2)
  3 jorogumos (Pan)
  2 spectral spriggans
  2 ogre magi
  31 vault guards
  A spriggan skeleton (Crypt:1)
  2 merfolk avatars
  An alligator snapping turtle (Shoals:4)
  10 anacondas
  4 satyrs
  8 death knights
  13 ironbound frosthearts
  4 stokers
  13 centaur warriors
  50 dancing weapons
  6 tengu warriors
  12 two-headed ogres
  5 boulder beetles
  8 merfolk aquamancers
  26 hell hogs
  6 demonic crawlers
  8 vampire magi
  35 death scarabs
  9 deep troll earth magi
  5 deep troll shamans
  Urug (Lair:2)
  13 naga sharpshooters
  3 spectral dire elephants
  A spectral stone giant (Tar:1)
  A thrashing horror (Abyss:3)
  2 titan zombies (Crypt:3)
  2 spriggan berserkers (Depths:2)
  An orc high priest (Orc:2)
  6 shock serpents
  4 death yaks
  4 occultists
  18 naga warriors
  A shock serpent (shapeshifter) (Vaults:5)
  9 skysharks
  A storm dragon zombie (Crypt:3)
  117 sun demons
  14 deep elf knights
  3 hellephant skeletons (Pan)
  8 crystal echidnas
  4 wretched stars (Abyss:3)
  A cyclops (shapeshifter) (Vaults:5)
  35 soul eaters
  2 spectral bunyips (Tar:2)
  Amaemon (Lair:1)
  27 hell knights
  2 salamander mystics
  7 shadow wraiths
  7 iron trolls
  32 sixfirhies
  2 spectral anacondas (Tar:1)
  2 death drakes (Depths:4)
  61 deep trolls
  A sea snake (shapeshifter) (Vaults:5)
  A spectral spark wasp (Depths:4)
  3 anaconda zombies
  4 glowing orange brains
  44 skeletal warriors
  6 flayed ghosts
  12 naga ritualists
  14 mana vipers
  10 sun moths (Pan)
  10 deep elf archers
  6 arcanists
  An iron giant zombie (Crypt:3)
  4 quicksilver dragon simulacra
  9 sea snakes
  22 shadow demons (Pan)
  A swamp dragon (Lair:5)
  15 harpies
  A spriggan simulacrum (Coc:4)
  27 ironbound convokers
  7 phantasmal warriors
  An anaconda skeleton (Hell)
  2 bog bodies (Crypt:2)
  2 thermic dynamos (Elf:3)
  14 lindwurms
  18 necromancers
  26 deep elf zephyrmancers
  A golden dragon skeleton (Crypt:1)
  A fenstrider witch simulacrum (Coc:2)
  A goliath frog zombie (Crypt:1)
  21 ugly things
  A wolf spider zombie (Crypt:2)
  5 fire giant zombies
  22 manticores
  2 oklob plants
  12 fauns
  A spectral alligator (Tar:1)
  12 orc knights
  3 shining eyes
  13 cyclopes
  22 deep elf pyromancers
  2 wolf spiders
  10 salamanders
  6 orc sorcerers
  A tengu skeleton (Tomb:3)
  13 elephants
  A worldbinder (Abyss:3)
  6 frost giant zombies (Tar:3)
  2 spectral centaurs
  2 meliai (shapeshifter) (D:14)
  Maurice (D:7)
  A centaur zombie (D:15)
  25 large abominations
  12 merfolk sirens
  6 moths of wrath
  2 spectral alligator snapping turtles (Tar:1)
  A stone giant skeleton (Tomb:1)
  17 vault sentinels
  2 guardian serpents
  10 eyes of devastation
  2 torpor snails (Lair:5)
  4 ice statues
  39 black mambas
  14 orange demons
  5 water nymphs
  6 kobold blastminers
  14 naga magi
  7 cane toads
  A dire elephant zombie (Crypt:2)
  A torpor snail (shapeshifter) (Vaults:5)
  A rust devil (Hell)
  2 apocalypse crabs
  A titan simulacrum (Coc:1)
  30 smoke demons
  A storm dragon simulacrum (Coc:1)
  A gargoyle (D:11)
  2 unseen horrors
  16 komodo dragons
  Jeremiah (D:7)
  4 centaur skeletons
  8 efreet
  37 yaktaurs
  44 guardian mummies
  38 hellions
  A bunyip simulacrum (Coc:2)
  7 rime drakes
  An ancient zyme (Abyss:3)
  8 freezing wraiths
  2 golden dragon simulacra
  4 tengu conjurers
  4 kobold demonologists
  An alligator snapping turtle skeleton (Crypt:3)
  4 anaconda simulacra
  4 red devils (Pan)
  A spectral naga (Tar:2)
  9 tormentors
  An iron giant simulacrum (Coc:4)
  4 harpy zombies
  2 hydra zombies (Hell)
  3 spectral harpies
  3 harpy skeletons
  16 hellwings (Pan)
  A tyrant leech (Pan)
  2 wind drakes
  5 hornets
  3 merfolk (shapeshifter)
  8 trolls
  A minotaur skeleton (Crypt:3)
  4 raiju (Abyss:3)
  A tarantella (shapeshifter) (D:11)
  Prince Ribbit (D:6)
  26 merfolk
  A meliai zombie (D:15)
  25 blink frogs
  An iron dragon simulacrum (Coc:2)
  6 snapping turtles
  13 dream sheep
  8 glass eyes
  An ettin skeleton (Tomb:1)
  105 slime creatures
  4 air elementals
  A human simulacrum (Coc:1)
  A centaur simulacrum (Coc:1)
  2 stone giant simulacra
  A spriggan (Lair:4)
  3 vampires
  A yak (shapeshifter) (D:10)
  A slime creature zombie (Crypt:2)
  45 ynoxinuls
  Eustachio (D:6)
  14 wraiths
  A black mamba zombie (Crypt:2)
  19 water elementals
  4 wyverns
  9 dire elephant simulacra
  2 small abominations (Abyss:3)
  51 yaks
  An alligator snapping turtle simulacrum (Coc:1)
  4 steam dragons
  16 ushabtiu
  4 fire bats (Pan)
  4 basilisks
  8 redbacks
  17 vampire mosquitoes
  A black mamba skeleton (Crypt:1)
  9 wargs
  Grum (D:8)
  10 golden eyes
  10 neqoxecs (Pan)
  A hog (shapeshifter) (Vaults:5)
  34 chaos spawn
  A tyrant leech zombie (Crypt:2)
  10 harpy simulacra
  46 nagas
  6 acid dragons
  3 naga zombies
  19 water moccasins
  5 hydra simulacra
  6 hell hounds
  A deep troll skeleton (Tomb:1)
  2 swamp drakes (Lair:5)
  A fire bat skeleton (Crypt:2)
  2 naga skeletons
  46 orc warriors
  A dream sheep zombie (Crypt:2)
  6 sky beasts
  A swamp dragon zombie (Tomb:2)
  34 laughing skulls
  19 ogres
  4 ice beasts
  2 ettin simulacra
  5 black bears
  A swamp dragon skeleton (Crypt:1)
  21 centaurs
  A lindwurm skeleton (Crypt:1)
  24 wolves
  2 phantoms
  10 kobold brigands
  2 weeping skulls (Abyss:3)
  A brain worm (Abyss:3)
  2 earth elementals
  An elf zombie (Elf:1)
  7 bullfrogs
  7 gnoll sergeants
  4 scorpions
  11 wights
  A water moccasin zombie (Crypt:2)
  A cyclops skeleton (Crypt:1)
  11 killer bees
  5 howler monkeys
  2 electric eels (Lair:3)
  A crimson imp (Pan)
  A lava snake (D:14)
  9 hounds
  A jelly (D:5)
  A quasit (Abyss:3)
  12 orc priests
  A bombardier beetle (D:3)
  8 gnoll boudas
  A sleepcap (D:5)
  A black bear skeleton (Crypt:2)
  13 iguanas
  33 orc wizards
  A boggart skeleton (D:15)
  15 hell rats
  50 mummies
  12 adders
  32 gnolls
  A river rat (Sewer)
  2 white imps
  A dart slug (D:5)
  A ribbon worm (D:5)
  70 orcs
  4 ball pythons
  6 bats
  13 endoplasms
  6 giant cockroaches
  8 goblins
  7 hobgoblins
  3 jackals (D:2)
  8 quokkas
  A bombardier beetle zombie (Crypt:2)
  3 frilled lizards
  A goblin zombie (Crypt:1)
  25 kobolds
  7 rats
  6 aspiring fleshes (Pan)
  A creeping inferno (Geh:7)
  8 fire vortices
  A lurking horror (Abyss:3)
  3 tentacles (Hell)
3983 creatures vanquished.

Vanquished Creatures (collateral kills)
  Mennas (Depths:4)
  A Killer Klown (Zot:5)
  A bone dragon (Tar:7)
  2 doom hounds (Tar:7)
  A Tzitzimitl (Tar:7)
  A Hell Sentinel (Dis:6)
  A tainted leviathan (Tar:7)
  6 Orb Guardians (Zot:5)
  An acid blob (Slime:5)
  An ancient champion (Dis:6)
  Polyphemus (Shoals:3)
  A thorn hunter (WizLab)
  A fenstrider witch (WizLab)
  2 protean progenitors (Pan)
  A nagaraja (Snake:4)
  2 fire giants
  A frost giant (Depths:2)
  A reaper (Hell)
  A spriggan defender (Depths:2)
  A stone giant (Depths:2)
  A putrid mouth (Tar:7)
  A white draconian (Depths:4)
  A merfolk javelineer (Shoals:4)
  A green death (Pan)
  An iron golem (Dis:6)
  A fire dragon (Depths:2)
  A mummy priest (Tomb:2)
  2 great orbs of eyes (Slime:5)
  A spriggan air mage (Depths:2)
  A centaur warrior (WizLab)
  2 merfolk aquamancers (Shoals:1)
  An anaconda (Pan)
  2 death yaks (Shoals:3)
  A satyr (WizLab)
  A deep troll shaman (Depths:2)
  A deep troll earth mage (Depths:2)
  A deep elf knight (Elf:1)
  An iron troll (Depths:2)
  2 deep trolls (Depths:2)
  A sea snake (Shoals:3)
  A glowing orange brain (shapeshifter) (Depths:2)
  A glowing orange brain (Depths:2)
  A naga ritualist (Snake:4)
  An orc knight (Orc:1)
  2 deep elf pyromancers (Elf:1)
  2 shining eyes (Slime:5)
  A moth of wrath (Zot:5)
  An eye of devastation (Pan)
  An orange demon (Pan)
  2 water nymphs
  A hellion (Hell)
  A yaktaur (WizLab)
  A tormentor (Dis:6)
  An alligator snapping turtle skeleton (Tomb:2)
  3 guardian mummies (Tomb:3)
  2 merfolk
  2 hornets (Depths:2)
  2 trolls
  A tyrant leech (Pan)
  3 blink frogs (Lair:5)
  3 glass eyes
  A slime creature (D:10)
  3 yaks (Lair:5)
  2 spriggans (Depths:2)
  An ushabti (Tomb:3)
  A chaos spawn (Pan)
  A vampire mosquito (D:10)
  An acid dragon (D:10)
  A naga (Snake:4)
  12 orc warriors
  2 ogres
  2 gnoll sergeants (Bailey)
  A howler monkey (D:10)
  2 orc priests (Orc:2)
  3 orc wizards
  2 mummies
  12 orcs
132 creatures vanquished.

Vanquished Creatures (others)
  An Executioner (Pan)
  An eldritch tentacle (Pan)
  2 fire giants
  A shard shrike simulacrum (Coc:5)
  A demonspawn corrupter (Pan)
  A caustic shrike simulacrum (Coc:5)
  A juggernaut simulacrum (Coc:2)
  A sun demon (Pan)
  2 deep elf knights (Elf:3)
  A deep elf archer (Elf:3)
  A spriggan simulacrum (Coc:2)
  A large abomination (Pan)
  A manticore (D:10)
  2 harpy simulacra
  An orc wizard (D:10)
  3 creeping infernos (Geh:1)
  4 starspawn tentacles (Abyss:3)
  8 tentacles
33 creatures vanquished.

Grand Total: 4148 creatures vanquished

Notes
Turn   | Place    | Note
-------+----------+-------------------------------------------
     0 | D:1      | Mumonspawn the Draconian Berserker began the quest for the
                  | Orb.
     0 | D:1      | Reached XP level 1. HP: 19/19 MP: 1/1
   104 | D:1      | Reached XP level 2. HP: 26/26 MP: 2/2
   711 | D:2      | Reached XP level 3. HP: 33/33 MP: 3/3
   862 | D:2      | Reached ** piety under Trog
  1551 | D:3      | Reached XP level 4. HP: 22/40 MP: 1/4
  1641 | D:3      | Found a glowing drain.
  1655 | Sewer    | Entered a sewer
  1719 | Sewer    | Noticed a kobold brigand
  1728 | Sewer    | Killed a kobold brigand
  1729 | Sewer    | Reached skill level 5 in Unarmed Combat
  1729 | Sewer    | Reached XP level 5. HP: 44/47 MP: 2/5
  1884 | Sewer    | Reached skill level 5 in Fighting
  1890 | Sewer    | Reached XP level 6. HP: 47/56 MP: 2/6
  2160 | D:3      | Found a glowing silver altar of Zin.
  2379 | D:3      | Found a hide-covered altar of Uskayaw.
  2434 | D:3      | Found a broken altar of Ashenzari.
  2914 | D:4      | Your scales start taking on a pale cyan-grey colour.
  2914 | D:4      | Reached XP level 7. HP: 62/62 MP: 7/7
  2914 | D:4      | Gained mutation: You are immune to the effects of steam.
                  | [Pale Draconian growth]
  2978 | D:4      | Reached *** piety under Trog
  3088 | D:4      | Found an ancient bone altar of Kikubaaqudgha.
  3216 | D:4      | Found a radiant altar of Vehumet.
  3360 | D:5      | Entered Level 5 of the Dungeon
  3673 | D:5      | Reached skill level 1 in Shapeshifting
  3745 | D:5      | Reached XP level 8. HP: 42/70 MP: 6/8
  4162 | D:5      | Identified the +7 mace of the Extremes {freeze, Fly rPois
                  | Dex-2 SInv}
  4249 | D:5      | Reached skill level 5 in Shapeshifting
  4324 | D:5      | Found a sparkling altar of Nemelex Xobeh.
  4473 | D:6      | Reached **** piety under Trog
  4588 | D:6      | Noticed Prince Ribbit
  4614 | D:6      | Killed Prince Ribbit
  4637 | D:6      | Reached XP level 9. HP: 62/75 MP: 9/9
  4727 | D:6      | Reached skill level 1 in Evocations
  4830 | D:6      | Found a glowing golden altar of the Shining One.
  5001 | D:6      | Noticed Eustachio
  5014 | D:6      | Killed Eustachio
  5299 | D:7      | Found a shimmering blue altar of Sif Muna.
  5453 | D:7      | Found a staircase to the Ecumenical Temple.
  5479 | D:7      | Noticed Maurice
  5485 | D:7      | Maurice stole a ring of fire
  5487 | D:7      | Killed Maurice
  5796 | D:7      | Noticed a manticore
  5807 | D:7      | Killed a manticore
  5808 | D:7      | Reached XP level 10. HP: 71/90 MP: 4/10
  6018 | D:7      | Noticed a cyan ugly thing
  6025 | D:7      | Killed a cyan ugly thing
  6218 | D:7      | Reached skill level 10 in Unarmed Combat
  6649 | D:7      | Noticed Jeremiah
  6658 | D:7      | Killed Jeremiah
  6818 | D:7      | Found a bloodstained altar of Trog.
  7114 | D:8      | Found a burning altar of Makhleb.
  7130 | D:8      | Noticed a two-headed ogre
  7147 | D:8      | Killed a two-headed ogre
  7175 | D:8      | Reached skill level 10 in Fighting
  7330 | D:8      | Found a flagged portal.
  7344 | D:8      | Reached ***** piety under Trog
  7466 | Bailey   | Entered a bailey
  8462 | D:8      | Noticed Grum
  8467 | D:8      | Reached XP level 11. HP: 96/102 MP: 8/11
  8491 | D:8      | Killed Grum
  9240 | D:9      | Found a sacrificial altar of Ru.
  9528 | D:9      | Found a basalt altar of Yredelemnul.
  9563 | D:9      | Received a gift from Trog
 10082 | D:10     | Entered Level 10 of the Dungeon
 10150 | D:10     | Noticed Sonja
 10159 | D:10     | Sonja changed into Sonja the hornet
 10159 | D:10     | Noticed Sonja
 10166 | D:10     | Killed Sonja the hornet
 10970 | D:10     | Reached skill level 1 in Stealth
 11565 | D:10     | Reached skill level 5 in Dodging
 11738 | D:10     | Noticed an ogre mage
 11739 | D:10     | Noticed a death knight
 11745 | D:10     | Killed an ogre mage
 11746 | D:10     | Noticed a rakshasa
 11755 | D:10     | Killed a death knight
 11756 | D:10     | Reached XP level 12. HP: 85/112 MP: 6/12
 11756 | D:10     | Identified the +2 tower shield of the Chupacabra {rPois
                  | rF+}
 11766 | D:10     | Killed a rakshasa
 12018 | D:10     | Identified the +0 cloak of Joguexo {rElec rF+ Str-4}
 12359 | D:10     | Found a staircase to the Lair.
 12723 | D:11     | Noticed a two-headed ogre
 12731 | D:11     | Killed a two-headed ogre
 12857 | D:11     | Noticed a tengu warrior
 12871 | D:11     | Killed a tengu warrior
 13037 | D:11     | Noticed a fire giant
 13047 | D:11     | Killed a fire giant
 13048 | D:11     | Reached skill level 5 in Evocations
 13143 | D:11     | Found the +8 longbow "Zephyr" {speed, Dex+3 SInv}
 13292 | D:11     | Noticed a yaktaur captain
 13302 | D:11     | Killed a yaktaur captain
 13492 | D:11     | Noticed a centaur warrior
 13499 | D:11     | Killed a centaur warrior
 13501 | D:11     | Identified the ring of Wabri {Str+5 Dex+6 Slay+5}
 13608 | D:11     | Noticed a deep troll earth mage
 13614 | D:11     | Killed a deep troll earth mage
 13843 | D:11     | Identified the +6 rapier "Nuhak" {drain, rElec rC+}
 14033 | D:11     | Noticed a stone giant
 14054 | D:11     | Killed a stone giant
 14143 | D:11     | Reached XP level 13. HP: 108/118 MP: 11/13
 14664 | D:11     | Found a staircase to the Orcish Mines.
 14912 | Lair:1   | Entered Level 1 of the Lair of Beasts
 14912 | Lair:1   | Noticed Amaemon
 14929 | Lair:1   | Killed Amaemon
 15387 | Lair:1   | Noticed Gastronok
 15410 | Lair:1   | Killed Gastronok
 16406 | Lair:2   | Noticed Harold
 16412 | Lair:2   | Killed Harold
 16678 | Lair:2   | Reached skill level 15 in Unarmed Combat
 16759 | Lair:2   | Noticed Urug
 16768 | Lair:2   | Killed Urug
 16864 | Lair:2   | Reached skill level 10 in Shapeshifting
 18163 | Lair:3   | Received a gift from Trog
 18315 | Lair:3   | Found a staircase to the Snake Pit.
 18751 | Lair:3   | Found a staircase to the Shoals.
 18947 | Lair:3   | Reached XP level 14. HP: 114/127 MP: 11/14
 19645 | Lair:4   | Identified the ring of Zigameun {Ice rCorr}
 19680 | Lair:4   | Found a staircase to the Slime Pits.
 20260 | Lair:5   | Entered Level 5 of the Lair of Beasts
 20273 | Lair:5   | Identified the +5 great sword "Stained Hell-Harrower"
                  | {antimagic, rPois Dex+5} (Trog gifted it to you on level 5
                  | of the Lair of Beasts)
 20273 | Lair:5   | Received a gift from Trog
 20374 | Lair:5   | Reached skill level 10 in Evocations
 20970 | Lair:5   | Identified the serpent talisman of the Poles {Str+5 Dex-4
                  | SInv Stlth+}
 21185 | Lair:5   | Found the +8 demon blade "Leech" {evervamp, Harm ^Drain
                  | rN+}
 21192 | Lair:5   | Reached skill level 10 in Dodging
 21352 | Lair:5   | Reached XP level 15. HP: 137/137 MP: 10/15
 21791 | Lair:5   | Received a gift from Trog
 23333 | D:12     | Found a blossoming altar of Fedhas.
 23506 | D:12     | Found Ikumyah's Book Shoppe.
 23931 | D:12     | Noticed Erolcha
 23938 | D:12     | Killed Erolcha
 24517 | D:13     | Reached ****** piety under Trog
 24885 | D:13     | Found a gate to the Vaults.
 25559 | D:14     | Received a gift from Trog
 26548 | D:15     | Entered Level 15 of the Dungeon
 26570 | D:15     | Reached XP level 16. HP: 147/147 MP: 16/16
 26584 | D:15     | Found a staircase to the Depths.
 26722 | D:15     | Reached skill level 15 in Fighting
 27034 | D:15     | Identified the +8 halberd of the Arena {flame, rPois rCorr
                  | Int-5} (Trog gifted it to you on level 15 of the Dungeon)
 27034 | D:15     | Received a gift from Trog
 27475 | Orc:1    | Entered Level 1 of the Orcish Mines
 27475 | Orc:1    | Found a roughly hewn altar of Beogh.
 27623 | Orc:2    | Entered Level 2 of the Orcish Mines
 27798 | Orc:2    | Found a staircase to the Elven Halls.
 28099 | Orc:1    | Identified the +2 great sword of Adverse Possession {flame,
                  | Will+} (Trog gifted it to you on level 1 of the Orcish
                  | Mines)
 28099 | Orc:1    | Received a gift from Trog
 28400 | Orc:1    | Identified the +14 plate armour of the Furies {+Inv Str+2}
 28401 | Orc:1    | Identified the staff of Goskuing {rPois rN+ Str-3 Stlth-
                  | Necro Air}
 29260 | Orc:2    | Noticed Josephine
 29271 | Orc:2    | Killed Josephine
 29545 | Orc:2    | Found Axto's Weapon Shoppe.
 29545 | Orc:2    | Found Apeptul's General Store.
 29547 | Orc:2    | Found Amedut's Armour Shop.
 29549 | Orc:2    | Found Umied's Weapon Emporium.
 29554 | Orc:2    | Bought a potion of degeneration for 14 gold pieces
 29554 | Orc:2    | Bought a wand of roots (4) for 134 gold pieces
 29554 | Orc:2    | Bought a potion of attraction for 42 gold pieces
 29767 | Snake:1  | Entered Level 1 of the Snake Pit
 29884 | Snake:1  | Found a runed translucent door.
 30136 | Snake:1  | Received a gift from Trog
 31209 | Snake:1  | Reached XP level 17. HP: 102/159 MP: 13/17
 31981 | Snake:2  | Found an ancient bone altar of Kikubaaqudgha.
 34503 | Snake:3  | Noticed Agnes
 34509 | Snake:3  | Killed Agnes
 34970 | Snake:4  | Entered Level 4 of the Snake Pit
 35016 | Snake:4  | Noticed Vashnia
 35205 | Snake:4  | Killed Vashnia
 35517 | Snake:4  | Found Tetaef's Antique Armour Shoppe.
 35572 | Snake:4  | Found Osiul's Armour Emporium.
 35710 | Snake:4  | Noticed Saint Roka
 35740 | Snake:4  | Reached skill level 15 in Shapeshifting
 35743 | Snake:4  | Killed Saint Roka
 37107 | Snake:4  | Reached XP level 18. HP: 168/168 MP: 8/18
 37422 | Snake:4  | Got a serpentine rune of Zot
 37733 | Shoals:1 | Entered Level 1 of the Shoals
 37743 | Shoals:1 | Received a gift from Trog
 37837 | Shoals:1 | Noticed Jorgrun
 37840 | Shoals:1 | Reached skill level 1 in Throwing
 38137 | Shoals:1 | Killed Jorgrun
 38467 | Shoals:1 | Noticed Donald
 38475 | Shoals:1 | Killed Donald
 38873 | Shoals:2 | Noticed Ilsuiw
 38888 | Shoals:2 | Killed Ilsuiw
 38888 | Shoals:2 | Received a gift from Trog
 39330 | Shoals:2 | Found Riywkozy's Antique Armour Emporium.
 39425 | Shoals:3 | Found Qeammah's Armour Shop.
 39510 | Shoals:3 | Noticed Polyphemus
 39520 | Shoals:3 | Killed Polyphemus
 39906 | Shoals:3 | Found Iwey's Assorted Antiques.
 39916 | Shoals:3 | Bought a potion of mutation for 264 gold pieces
 39916 | Shoals:3 | Bought an opal ring for 165 gold pieces
 39916 | Shoals:3 | Bought a potion of curing for 99 gold pieces
 39916 | Shoals:3 | Bought a scroll of enchant armour for 247 gold pieces
 39916 | Shoals:3 | Bought a long iron wand for 132 gold pieces
 39948 | Shoals:3 | Found Diddahorhoev's Antique Weapon Emporium.
 40099 | Shoals:4 | Entered Level 4 of the Shoals
 40382 | Shoals:4 | Received a gift from Trog
 40607 | Shoals:4 | Reached skill level 5 in Stealth
 40607 | Shoals:4 | Reached XP level 19. HP: 140/177 MP: 12/19
 40783 | Shoals:4 | Got a barnacled rune of Zot
 41260 | Shoals:4 | Identified the ring "Gag Cergh" {Ice +Blink Will- rCorr
                  | Str+6}
 41762 | Elf:1    | Entered Level 1 of the Elven Halls
 42305 | Elf:1    | Reached skill level 15 in Dodging
 42535 | Elf:1    | Found Zolump's Book Emporium.
 42535 | Elf:1    | Found Romira's Jewellery Boutique.
 42536 | Elf:1    | Found Emeckodo's Book Emporium.
 42553 | Elf:1    | Bought an amulet of the acrobat for 360 gold pieces
 42862 | Elf:2    | Paralysed by an air elemental for 1 turns
 42870 | Elf:2    | Found Focoo's Assorted Antiques.
 42896 | Elf:2    | Bought a potion of mutation for 296 gold pieces
 42896 | Elf:2    | Bought a scroll of butterflies for 148 gold pieces
 42896 | Elf:2    | Bought a scroll of noise for 37 gold pieces
 42896 | Elf:2    | Bought a potion of curing for 111 gold pieces
 42896 | Elf:2    | Bought a scroll of fear for 148 gold pieces
 42896 | Elf:2    | Bought a scroll labelled OSIASANOCS for 37 gold pieces
 42897 | Elf:2    | Acquired a manual of Shapeshifting
 43315 | Elf:2    | Found a runed translucent gate.
 43315 | Elf:2    | Found a runed translucent gate.
 43315 | Elf:2    | Found a runed translucent gate.
 43351 | Elf:2    | Received a gift from Trog
 43366 | Elf:2    | Noticed Louise
 43378 | Elf:2    | Killed Louise
 44009 | Elf:3    | Entered Level 3 of the Elven Halls
 44329 | Elf:3    | Received a gift from Trog
 44395 | Elf:3    | Identified the +0 falchion of Amukhon {spect, *Slow rF++
                  | Dex+2 SInv}
 44420 | Elf:3    | Identified the ring of the Townfolk {^Drain rF++ rC+ Str+2}
 44560 | Elf:3    | Reached XP level 20. HP: 187/187 MP: 20/20
 44615 | Elf:3    | Identified the +8 flail of Donneo {antimagic, rPois}
 44619 | Elf:3    | Identified the +7 great mace "Dyegicuy" {venom, rC+ Str+4
                  | Dex+5}
 44634 | Elf:3    | Reached skill level 15 in Evocations
 44643 | Elf:3    | Received a gift from Trog
 44794 | Elf:3    | Identified the staff of Recklessness {rPois Dex+3 Alchemy}
 45815 | Vaults:1 | Entered Level 1 of the Vaults
 46105 | Vaults:1 | Identified the serpent talisman of Faxywo Vaoth {rF+ Str+4
                  | Int-4}
 46105 | Vaults:1 | Noticed Aizul
 46109 | Vaults:1 | Received a gift from Trog
 46118 | Vaults:1 | Killed Aizul
 46267 | Vaults:1 | Reached skill level 10 in Stealth
 46420 | Vaults:1 | Paralysed by a sphinx for 2 turns
 46571 | Vaults:1 | Found a transporter.
 46571 | Vaults:1 | Found a transporter.
 47116 | Vaults:2 | Received a gift from Trog
 47280 | Vaults:2 | Found a flickering gateway to a bazaar.
 47307 | Bazaar   | Entered a bazaar
 47314 | Bazaar   | Found Ogiaweli's Armour Shoppe.
 47319 | Bazaar   | Bought the orb "Fatt" {light, Rampage rCorr Str+3} for 329
                  | gold pieces
 47328 | Bazaar   | Found Pygra's Antique Weapon Shop.
 47330 | Bazaar   | Found Sewipn's Magic Scroll Shoppe.
 47338 | Bazaar   | Found Tuliahex's General Store.
 47341 | Bazaar   | Bought a scroll of teleportation for 21 gold pieces
 47341 | Bazaar   | Bought a scroll of acquirement for 364 gold pieces
 47341 | Bazaar   | Bought a scroll of teleportation for 21 gold pieces
 47344 | Bazaar   | Found Ushroyrph's Distillery.
 47346 | Bazaar   | Bought a potion of heal wounds for 50 gold pieces
 47346 | Bazaar   | Bought a potion of mutation for 80 gold pieces
 47346 | Bazaar   | Bought a wand of mindburst (8) for 112 gold pieces
 47346 | Bazaar   | Bought a scroll of fog for 40 gold pieces
 47352 | Bazaar   | Bought a potion of ambrosia for 136 gold pieces
 47352 | Bazaar   | Bought a potion of attraction for 51 gold pieces
 47352 | Bazaar   | Bought a potion of berserk rage for 85 gold pieces
 47352 | Bazaar   | Bought a potion of enlightenment for 85 gold pieces
 47352 | Bazaar   | Bought a potion of lignification for 51 gold pieces
 47352 | Bazaar   | Bought a potion of heal wounds for 85 gold pieces
 47352 | Bazaar   | Bought a potion of resistance for 170 gold pieces
 47352 | Bazaar   | Bought a potion of curing for 51 gold pieces
 47352 | Bazaar   | Bought 2 potions of curing for 102 gold pieces
 47363 | Vaults:2 | Acquired a manual of Stealth
 47392 | Vaults:2 | You fall into a shaft and drop 2 floors!
 47430 | Vaults:4 | Found a magical portal.
 47442 | WizLab   | Entered Eringya's Formal Garden
 47578 | WizLab   | Reached XP level 21. HP: 134/195 MP: 21/21
 48051 | WizLab   | Found a blossoming altar of Fedhas.
 48486 | Vaults:4 | Identified the amulet of Elyvilon's Regard {Faith Harm
                  | rPois}
 48735 | Vaults:4 | Received a gift from Trog
 49471 | Vaults:5 | Entered Level 5 of the Vaults
 49528 | Vaults:3 | Found Qeumit's Magic Scroll Boutique.
 49539 | Vaults:3 | Bought a scroll of blinking for 135 gold pieces
 49539 | Vaults:3 | Bought a scroll of fear for 72 gold pieces
 49539 | Vaults:3 | Bought a scroll of revelation for 135 gold pieces
 49539 | Vaults:3 | Bought a scroll of vulnerability for 72 gold pieces
 49908 | Vaults:3 | Found a glowing silver altar of Zin.
 49921 | Vaults:3 | Received a gift from Trog
 50985 | Vaults:3 | Found a staircase to the Crypt.
 51364 | Vaults:2 | Received a gift from Trog
 51388 | Vaults:2 | Reached XP level 22. HP: 198/206 MP: 22/22
 52380 | Crypt:1  | Entered Level 1 of the Crypt
 52459 | Crypt:1  | Received a gift from Trog
 52473 | Crypt:1  | Noticed Sojobo
 52659 | Crypt:1  | Noticed Margery
 52703 | Crypt:1  | Killed Margery
 52991 | Crypt:1  | Killed Sojobo
 53476 | Crypt:1  | Received a gift from Trog
 53934 | Crypt:2  | Identified the +1 leather armour "Soat" {rPois Will+ Dex+3}
 54316 | Crypt:3  | Entered Level 3 of the Crypt
 54399 | Crypt:3  | Received a gift from Trog
 54700 | Crypt:3  | Reached XP level 23. HP: 217/217 MP: 23/23
 54790 | Crypt:3  | Found a basalt altar of Yredelemnul.
 54790 | Crypt:3  | Noticed an ancient lich
 54796 | Crypt:3  | Killed an ancient lich
 54831 | Crypt:3  | Identified the +6 eveningstar of Infinite Pain {flame, rC++
                  | rCorr Str+2 Int-5}
 54841 | Crypt:3  | Identified the ring "Hicea" {EV+5 Int+4 Slay+4}
 55128 | Crypt:3  | Found a staircase to the Tomb.
 55836 | Depths:1 | Entered Level 1 of the Depths
 55879 | Depths:1 | Found Onydoif's Antique Armour Boutique.
 55882 | Depths:1 | Found Cifen's Distillery.
 55882 | Depths:1 | Found Erownahe's Magic Scroll Boutique.
 55887 | Depths:1 | Found Imitapn's Armour Shop.
 55890 | Depths:1 | Bought a scroll of revelation for 112 gold pieces
 55890 | Depths:1 | Bought a scroll of revelation for 112 gold pieces
 55896 | Depths:1 | Bought a potion of berserk rage for 75 gold pieces
 55896 | Depths:1 | Bought a potion of berserk rage for 75 gold pieces
 55896 | Depths:1 | Bought 2 potions of curing for 90 gold pieces
 55896 | Depths:1 | Bought a potion of mutation for 120 gold pieces
 55896 | Depths:1 | Bought a potion of curing for 45 gold pieces
 56056 | Depths:1 | Found a stormy altar of Qazlal.
 56085 | Abyss:3  | Cast into level 3 of the Abyss (an occultist)
 56094 | Depths:1 | Escaped the Abyss
 56404 | Depths:1 | Found a gateway to Hell.
 56860 | Depths:2 | Noticed a caustic shrike
 56870 | Depths:2 | Killed a caustic shrike
 56871 | Depths:2 | Received a gift from Trog
 57028 | Depths:2 | You fall into a shaft and drop 2 floors!
 57028 | Depths:4 | Entered Level 4 of the Depths
 57033 | Depths:4 | Found the +3 pair of seven-league boots {Rampage+∞}
 57035 | Depths:4 | Found a gate to the Realm of Zot.
 57044 | Depths:4 | Identified the +0 scale mail of Grottiness {+Inv Dex-3
                  | Stlth+}
 57046 | Depths:4 | Got a midnight gem with 1259 turns to spare
 57230 | Depths:4 | Received a gift from Trog
 57449 | Depths:4 | Reached XP level 24. HP: 231/231 MP: 23/23
 57528 | Depths:4 | Identified the +0 leather armour of Insurance {rPois Str+3}
 57905 | Depths:4 | Found a portal to a secret trove of treasure.
 58363 | Depths:4 | Found a one-way gate leading to the halls of Pandemonium.
 58387 | Depths:4 | Noticed Mennas
 58395 | Depths:4 | Killed Mennas
 58526 | Depths:4 | Received a gift from Trog
 59131 | Depths:3 | Found a corrupted altar of Lugonu.
 59131 | Depths:3 | Found a one-way gate to the infinite horrors of the Abyss.
 59924 | Depths:2 | Found a one-way gateway to a ziggurat.
 59957 | Depths:2 | Reached skill level 15 in Stealth
 60345 | Depths:2 | Received a gift from Trog
 60892 | Depths:1 | Bought a scroll of enchant weapon for 112 gold pieces
 61347 | Vaults:1 | Identified the +1 pair of gloves of Follow the Leader {Harm
                  | Regen+ Dex+4}
 61792 | Depths:4 | You paid a toll of a +8 demon trident to enter a treasure
                  | trove
 61793 | Trove    | Entered a treasure trove
 61801 | Trove    | Identified the +0 sling of Nose {elec, Stlth+}
 61805 | Trove    | Identified the +0 spear of the Rat {elec, rElec rC+}
 61808 | Trove    | Identified the +7 spear "Sufrowei" {elec, rCorr Int-5
                  | Dex+5}
 61812 | Trove    | Identified the +7 dagger of Arrival {elec, rPois rF+ rC-
                  | Str+2}
 61820 | Trove    | Identified the +5 whip of Law {pain, rElec rCorr}
 61829 | Trove    | Identified the +5 dagger "Washin" {chaos, rPois Dex+5
                  | Stlth-}
 61834 | Trove    | Identified the +3 whip of Cyisul {chaos, rElec rF+ Dex+2}
 61843 | Trove    | Identified the +8 mace of Shrieking Terror {spect, rElec
                  | rN+ Str+3}
 61846 | Trove    | Identified the +6 short sword "Qyurayxu" {spect, rPois rF+
                  | rCorr Dex+3}
 62133 | Slime:1  | Entered Level 1 of the Pits of Slime
 62449 | Slime:5  | Entered Level 5 of the Pits of Slime
 62463 | Slime:5  | Reached XP level 25. HP: 238/238 MP: 23/23
 62467 | Slime:5  | Received a gift from Trog
 62795 | Slime:5  | Noticed the Royal Jelly
 62814 | Slime:5  | Found a viscous altar of Jiyva.
 62850 | Slime:5  | Found the macabre finger necklace {Finger+ rN+}
 63224 | Slime:5  | Killed the Royal Jelly
 63258 | Slime:5  | Identified the ring "Qyingudero" {rC+ Int+6}
 63264 | Slime:5  | Got a slimy rune of Zot
 63265 | Slime:5  | Identified the +3 robe of Ikhon {Regen+}
 63330 | Slime:5  | Identified the +4 long sword of Arbitration {heavy, Dex+5}
 63333 | Slime:5  | Identified the +8 halberd of Beogh's Whim {drain, Int+2
                  | SInv}
 63378 | Slime:5  | Identified the +2 short sword of Regicide {heavy, rElec
                  | Stlth+}
 63430 | Slime:3  | Gained mutation: You are frail. (-10% HP) [a shining eye]
 63485 | Slime:2  | Received a gift from Trog
 64789 | Vaults:5 | Identified the +9 battleaxe of Jynt {flame, *Rage rPois rF+
                  | Will+} (Trog gifted it to you on level 5 of the Vaults)
 64789 | Vaults:5 | Received a gift from Trog
 65001 | Vaults:5 | Noticed a dread lich
 65008 | Vaults:5 | Killed a dread lich
 65103 | Vaults:5 | Identified the staff of Disgust {rPois Str+4 Alchemy}
 65126 | Vaults:5 | Got a silver rune of Zot
 65150 | Vaults:5 | Identified the +0 war axe of a wizard's laboratory
                  | {distort, rPois Will- Int+5 Stlth-}
 65588 | Vaults:5 | Identified the staff of Roigutar {^Contam rPois Conj Hexes
                  | Tloc Alchemy}
 65628 | Vaults:5 | Identified the +2 broad axe of the Incandescent {heavy,
                  | Stlth+}
 65638 | Vaults:5 | Received a gift from Trog
 65646 | Vaults:5 | Reached skill level 27 in Unarmed Combat
 65651 | Vaults:5 | Identified the +6 trident of Ifitru {heavy, rC+}
 65659 | Vaults:5 | Identified the amulet of Peigerur {Acrobat *Slow rF++}
 65678 | Vaults:5 | Reached XP level 26. HP: 223/223 MP: 23/23
 65997 | Vaults:5 | Found Lycsotamp's Assorted Antiques.
 66004 | Vaults:5 | Identified the +7 rapier of Voup {heavy, rF+++ MP-9 Dex-2
                  | SInv}
 66010 | Vaults:5 | Bought a pair of ancient gloves for 437 gold pieces
 66010 | Vaults:5 | Identified the +1 pair of gloves "Icathrinn" {Fly MP+9
                  | Int+2} (You bought it in a shop on level 5 of the Vaults)
 66010 | Vaults:5 | Bought the +0 pair of gloves of the gadgeteer {Gadgeteer
                  | Wandboost ^Fragile} for 1840 gold pieces
 66010 | Vaults:5 | Found the +0 pair of gloves of the gadgeteer {Gadgeteer
                  | Wandboost ^Fragile}
 66914 | Pan      | Entered Pandemonium
 67025 | Pan      | Noticed Fauhomoc the pandemonium lord
 67040 | Pan      | Killed Fauhomoc the pandemonium lord
 68505 | Pan      | Received a gift from Trog
 68656 | Pan      | Got a demonic rune of Zot
 68661 | Pan      | Identified the +7 mace of the Other Side {spect, Int+2
                  | Stlth+}
 69176 | Pan      | Identified the +6 trident "Hoge" {antimagic, *Corrode Int+3
                  | Stlth+}
 69472 | Pan      | Received a gift from Trog
 69719 | Pan      | Noticed Uluemi the pandemonium lord
 69732 | Pan      | Killed Uluemi the pandemonium lord
 70202 | Pan      | Found an exit through the horrors of the Abyss.
 70911 | Pan      | Received a gift from Trog
 70960 | Pan      | Identified the +5 dire flail of the Loving Vulture {heavy,
                  | rF- Str+2 Dex+5}
 71607 | Pan      | Reached XP level 27. HP: 230/230 MP: 23/23
 71725 | Pan      | Entered the realm of Lom Lobon.
 72013 | Pan      | Found an exit through the horrors of the Abyss.
 72290 | Pan      | Noticed Lom Lobon
 72324 | Pan      | Received a gift from Trog
 72511 | Pan      | Killed Lom Lobon
 72627 | Pan      | Got a magical rune of Zot
 73215 | Pan      | Noticed Sadenal the pandemonium lord
 73225 | Pan      | Killed Sadenal the pandemonium lord
 74169 | Pan      | Found an exit through the horrors of the Abyss.
 74305 | Pan      | Received a gift from Trog
 74311 | Pan      | Gained mutation: You are clumsy. (Dex -2) [a neqoxec]
 74322 | Pan      | Noticed Malyts the pandemonium lord
 74404 | Pan      | Killed Malyts the pandemonium lord
 74448 | Depths:2 | Escaped Pandemonium
 74456 | Pan      | Entered Pandemonium
 74507 | Pan      | Noticed Xadytro the pandemonium lord
 74514 | Pan      | Killed Xadytro the pandemonium lord
 74611 | Pan      | Gained mutation: Your body sometimes deteriorates upon
                  | taking damage. [a neqoxec]
 74786 | Pan      | Entered the realm of Mnoleg.
 74795 | Pan      | Acquired 672 gold pieces
 74969 | Pan      | Gained mutation: You are dopey. (Int -2) [a neqoxec]
 74977 | Pan      | Gained mutation: You are very dopey. (Int -4) [a cacodemon]
 74988 | Pan      | Gained mutation: You occasionally lose the ability to read
                  | scrolls when taking damage. [a cacodemon]
 75346 | Pan      | Received a gift from Trog
 75468 | Pan      | Gained mutation: You sometimes lose your temper in combat.
                  | [a cacodemon]
 75664 | Pan      | Noticed Mnoleg
 75689 | Pan      | Killed Mnoleg
 75915 | Pan      | Got a glowing rune of Zot
 75975 | Pan      | Gained mutation: You are very clumsy. (Dex -4) [a
                  | cacodemon]
 76051 | Pan      | Found an exit through the horrors of the Abyss.
 76070 | Pan      | Entered the realm of Gloorx Vloq.
 76105 | Pan      | Noticed Gloorx Vloq
 76110 | Pan      | Found an exit through the horrors of the Abyss.
 76531 | Pan      | Identified the +1 quarterstaff "Junguo Oxti" {heavy, rC+
                  | MP+9}
 76583 | Pan      | Received a gift from Trog
 76965 | Pan      | Killed Gloorx Vloq
 77079 | Pan      | Got a dark rune of Zot
 77437 | Pan      | Identified the +3 pair of gloves of the Kettle-Drum {rN+
                  | Will++ Dex+3}
 77519 | Pan      | Noticed Gocush the pandemonium lord
 77527 | Pan      | Killed Gocush the pandemonium lord
 77688 | Pan      | Found an exit through the horrors of the Abyss.
 77755 | Pan      | Received a gift from Trog
 77932 | Pan      | Entered the realm of Cerebov.
 78682 | Pan      | Found an exit through the horrors of the Abyss.
 79025 | Pan      | Identified the ring "Adutonem" {rC+ SInv}
 79037 | Pan      | Found the +6 sword of Cerebov {flame}
 79037 | Pan      | Noticed Cerebov
 79226 | Pan      | HP: 6/361 [burnt (15)]
 79754 | Pan      | Identified the staff "Beetlebane" {^Fragile rPois rC+ rN+
                  | Ice}
 79774 | Pan      | Received a gift from Trog
 79811 | Pan      | Identified the +3 long sword of Dithmenos, Transmuting
                  | {venom, ^Fragile rPois rC+ Int+3}
 79829 | Pan      | Killed Cerebov
 79991 | Pan      | Got a fiery rune of Zot
 80616 | Pan      | Identified the +4 shortbow of Xazirra {heavy, rN+ Str+3
                  | Int+2}
 80674 | Pan      | Identified the +3 fire dragon scales of Goku {rElec rF++
                  | rC- Str-3 Dex+6 SInv}
 80850 | Depths:2 | Escaped Pandemonium
 81007 | Depths:3 | Voluntarily entered the Abyss.
 81013 | Abyss:3  | Found a corrupted altar of Lugonu.
 81096 | Abyss:3  | Found a corrupted altar of Lugonu.
 81144 | Abyss:3  | Received a gift from Trog
 81258 | Abyss:3  | Got an abyssal rune of Zot
 81264 | Depths:3 | Escaped the Abyss
 81478 | Depths:3 | Lost mutation: You are very clumsy. (Dex -4) [potion of
                  | mutation]
 81478 | Depths:3 | Lost mutation: You occasionally lose the ability to read
                  | scrolls when taking damage. [potion of mutation]
 81478 | Depths:3 | Lost mutation: You are very dopey. (Int -4) [potion of
                  | mutation]
 81479 | Depths:3 | Lost mutation: You are extremely frail. (-30% HP) [potion
                  | of mutation]
 81479 | Depths:3 | Lost mutation: You are clumsy. (Dex -2) [potion of
                  | mutation]
 81479 | Depths:3 | Gained mutation: You are somewhat resistant to further
                  | mutation. [potion of mutation]
 81480 | Depths:3 | Lost mutation: Your body sometimes deteriorates upon taking
                  | damage. [potion of mutation]
 81480 | Depths:3 | Lost mutation: You are somewhat resistant to further
                  | mutation. [potion of mutation]
 81480 | Depths:3 | Gained mutation: You are vulnerable to heat. (rF-) [potion
                  | of mutation]
 81480 | Depths:3 | Lost mutation: You are dopey. (Int -2) [potion of mutation]
 81481 | Depths:3 | Lost mutation: You sometimes lose your temper in combat.
                  | [potion of mutation]
 81481 | Depths:3 | Lost mutation: You are vulnerable to heat. (rF-) [potion of
                  | mutation]
 81481 | Depths:3 | Gained mutation: You are strong-willed. (Will+) [potion of
                  | mutation]
 81482 | Depths:3 | Lost mutation: You are strong-willed. (Will+) [potion of
                  | mutation]
 81482 | Depths:3 | Gained mutation: Your flesh is heat resistant. (rF+)
                  | [potion of mutation]
 81483 | Depths:3 | Lost mutation: Your flesh is heat resistant. (rF+) [potion
                  | of mutation]
 81483 | Depths:3 | Gained mutation: You have hidden genetic defects. [potion
                  | of mutation]
 81483 | Depths:3 | Gained mutation: Your spells are a little easier to cast,
                  | but a little less powerful. [potion of mutation]
 81483 | Depths:3 | Gained mutation: You are partially covered in large bone
                  | plates. (SH +4) [potion of mutation]
 81484 | Depths:3 | Lost mutation: Your spells are a little easier to cast, but
                  | a little less powerful. [potion of mutation]
 81484 | Depths:3 | Lost mutation: You have hidden genetic defects. [potion of
                  | mutation]
 81484 | Depths:3 | Gained mutation: Your system is resistant to poisons.
                  | (rPois) [potion of mutation]
 81575 | Hell     | Entered the Vestibule of Hell
 81575 | Hell     | Noticed Geryon
 81602 | Hell     | Killed Geryon
 81827 | Hell     | Identified the +5 great sword "Nublarpha" {heavy, rF++
                  | rCorr} (Trog gifted it to you in the Vestibule of Hell)
 81827 | Hell     | Received a gift from Trog
 81844 | Hell     | Found a gateway to the freezing wastes of Cocytus.
 82027 | Coc:1    | Entered Level 1 of Cocytus
 82031 | Coc:1    | Paralysed by a wendigo for 1 turns
 82265 | Coc:2    | HP: 20/403 [caustic shrike simulacrum (6)]
 82783 | Coc:2    | Paralysed by a wendigo for 1 turns
 83074 | Coc:3    | Received a gift from Trog
 83146 | Coc:3    | Paralysed by a wendigo for 1 turns
 84523 | Coc:7    | Entered Level 7 of Cocytus
 84743 | Coc:7    | Received a gift from Trog
 85810 | Coc:7    | Paralysed by a wendigo for 1 turns
 85892 | Coc:7    | Paralysed by a wendigo for 1 turns
 86469 | Coc:7    | Reached skill level 27 in Fighting
 86497 | Coc:7    | Paralysed by a wendigo for 1 turns
 86899 | Coc:7    | Identified the ring "Kisod" {rPois rF+ Will+ Stlth+}
 86899 | Coc:7    | Noticed Antaeus
 87216 | Coc:7    | Killed Antaeus
 87226 | Coc:7    | Identified the amulet of Vyrch {Acrobat rC+ rN+ Will+}
 87494 | Hell     | Received a gift from Trog
 87525 | Hell     | Found a gateway to the Iron City of Dis.
 87705 | Dis:1    | Entered Level 1 of the Iron City of Dis
 88311 | Dis:4    | Noticed an ancient lich
 88425 | Dis:5    | Lost mutation: You are partially covered in large bone
                  | plates. (SH +4) [potion of mutation]
 88425 | Dis:5    | Lost mutation: Your system is resistant to poisons. (rPois)
                  | [potion of mutation]
 88425 | Dis:5    | Gained mutation: Your health recovers twice as slowly from
                  | being drained. [potion of mutation]
 88425 | Dis:5    | Gained mutation: Your body sometimes deteriorates upon
                  | taking damage. [potion of mutation]
 88425 | Dis:5    | Gained mutation: You have a pair of small horns on your
                  | head. [potion of mutation]
 88426 | Dis:5    | Lost mutation: Your body sometimes deteriorates upon taking
                  | damage. [potion of mutation]
 88426 | Dis:5    | Lost mutation: Your health recovers twice as slowly from
                  | being drained. [potion of mutation]
 88426 | Dis:5    | Gained mutation: Your large and strong wings let you fly.
                  | [potion of mutation]
 88427 | Dis:5    | Lost mutation: You have a pair of small horns on your head.
                  | [potion of mutation]
 88427 | Dis:5    | Lost mutation: Your large and strong wings let you fly.
                  | [potion of mutation]
 88427 | Dis:5    | Gained mutation: Your tail ends in a venomous barb. [potion
                  | of mutation]
 88427 | Dis:5    | Gained mutation: You occasionally lose the ability to read
                  | scrolls when taking damage. [potion of mutation]
 88428 | Dis:5    | Lost mutation: You occasionally lose the ability to read
                  | scrolls when taking damage. [potion of mutation]
 88428 | Dis:5    | Lost mutation: Your tail ends in a venomous barb. [potion
                  | of mutation]
 88428 | Dis:5    | Gained mutation: You have sharp toenails. [potion of
                  | mutation]
 88428 | Dis:5    | Gained mutation: You are resistant to electric shocks.
                  | (rElec) [potion of mutation]
 88428 | Dis:5    | Gained mutation: You have hidden genetic defects. [potion
                  | of mutation]
 88428 | Dis:5    | Gained mutation: Your skin changes colour to match your
                  | surroundings (Stealth+). [potion of mutation]
 88429 | Dis:5    | Lost mutation: You have sharp toenails. [potion of
                  | mutation]
 88429 | Dis:5    | Lost mutation: You have hidden genetic defects. [potion of
                  | mutation]
 88429 | Dis:5    | Lost mutation: Your skin changes colour to match your
                  | surroundings (Stealth+). [potion of mutation]
 88429 | Dis:5    | Gained mutation: You occasionally lose the ability to drink
                  | potions when taking damage. [potion of mutation]
 88429 | Dis:5    | Gained mutation: Your body sometimes deteriorates upon
                  | taking damage. [potion of mutation]
 88429 | Dis:5    | Gained mutation: Your flesh is cold resistant. (rC+)
                  | [potion of mutation]
 88430 | Dis:5    | Lost mutation: Your body sometimes deteriorates upon taking
                  | damage. [potion of mutation]
 88430 | Dis:5    | Lost mutation: You are resistant to electric shocks.
                  | (rElec) [potion of mutation]
 88430 | Dis:5    | Gained mutation: You are agile. (Dex +4, Str/Int -1)
                  | [potion of mutation]
 88430 | Dis:5    | Gained mutation: You are frail. (-10% HP) [potion of
                  | mutation]
 88430 | Dis:5    | Gained mutation: You are weak. (Str -2) [potion of
                  | mutation]
 88431 | Dis:5    | Lost mutation: Your flesh is cold resistant. (rC+) [potion
                  | of mutation]
 88431 | Dis:5    | Lost mutation: You are frail. (-10% HP) [potion of
                  | mutation]
 88431 | Dis:5    | Lost mutation: You occasionally lose the ability to drink
                  | potions when taking damage. [potion of mutation]
 88431 | Dis:5    | Gained mutation: You are frail. (-10% HP) [potion of
                  | mutation]
 88431 | Dis:5    | Gained mutation: You expend magic power (3 MP) to
                  | strengthen your wands. [potion of mutation]
 88431 | Dis:5    | Gained mutation: You possess an exceptional clarity of
                  | mind. [potion of mutation]
 88431 | Dis:5    | Gained mutation: You have an increased reservoir of magic.
                  | (+10% MP) [potion of mutation]
 88432 | Dis:5    | Lost mutation: You are weak. (Str -2) [potion of mutation]
 88432 | Dis:5    | Lost mutation: You are agile. (Dex +4, Str/Int -1) [potion
                  | of mutation]
 88432 | Dis:5    | Lost mutation: You are frail. (-10% HP) [potion of
                  | mutation]
 88432 | Dis:5    | Gained mutation: You passively map a small area around you.
                  | [potion of mutation]
 88432 | Dis:5    | Gained mutation: You have large cloven feet. [potion of
                  | mutation]
 88432 | Dis:5    | Gained mutation: Your system is resistant to poisons.
                  | (rPois) [potion of mutation]
 89242 | Dis:7    | Entered Level 7 of the Iron City of Dis
 89361 | Dis:7    | Noticed a dread lich
 89364 | Dis:7    | Killed a dread lich
 89526 | Dis:7    | Received a gift from Trog
 90101 | Dis:7    | Reached skill level 27 in Evocations
 90123 | Dis:7    | Noticed a juggernaut
 90133 | Dis:7    | Killed a juggernaut
 90804 | Dis:7    | Noticed a juggernaut
 90813 | Dis:7    | Killed a juggernaut
 91283 | Dis:7    | Received a gift from Trog
 91803 | Dis:7    | Identified the ring "Ciaboy" {Will+ Str+6}
 91960 | Dis:7    | Noticed a juggernaut
 91970 | Dis:7    | Killed a juggernaut
 91991 | Dis:7    | Noticed Dispater
 92004 | Dis:7    | Killed Dispater
 92028 | Dis:7    | Got an iron rune of Zot
 92237 | Hell     | Found a gateway to the decaying netherworld of Tartarus.
 92292 | Hell     | Received a gift from Trog
 92322 | Tar:1    | Entered Level 1 of Tartarus
 93044 | Tar:3    | Received a gift from Trog
 93331 | Tar:4    | You are sucked into a shaft and drop 2 floors!
 93338 | Tar:7    | Entered Level 7 of Tartarus
 93739 | Tar:7    | Noticed a dread lich
 93741 | Tar:7    | Noticed a dread lich
 93745 | Tar:7    | Killed a dread lich
 93749 | Tar:7    | Killed a dread lich
 93754 | Tar:7    | Identified the staff "Anucaotz" {*Slow rPois rF+ rN+ Conj
                  | Necro}
 94069 | Tar:7    | Noticed Ereshkigal
 94077 | Tar:7    | Killed Ereshkigal
 94115 | Tar:7    | Noticed the Serpent of Hell
 94129 | Tar:7    | Killed the Serpent of Hell
 94554 | Tar:7    | Got a bone rune of Zot
 94701 | Hell     | Found a gateway to the ashen valley of Gehenna.
 94813 | Geh:1    | Entered Level 1 of Gehenna
 94813 | Geh:1    | Noticed a dread lich
 94813 | Geh:1    | Noticed an ancient lich
 94831 | Geh:1    | Killed an ancient lich
 94839 | Geh:1    | Killed a dread lich
 94860 | Geh:1    | Received a gift from Trog
 95615 | Geh:7    | Entered Level 7 of Gehenna
 96597 | Geh:7    | Found the +13 sceptre of Asmodeus
 96597 | Geh:7    | Noticed Asmodeus
 96614 | Geh:7    | Killed Asmodeus
 96619 | Geh:7    | Received a gift from Trog
 96958 | Geh:7    | Found the +7 great mace "Firestarter" {flame, immolate,
                  | rFlCloud rF++}
 96958 | Geh:7    | Found the +0 pair of fencer's gloves {Riposte Dex+3}
 96963 | Geh:7    | Identified the +6 short sword of Cadwyh {flame, rC- Str-3
                  | Int+6}
 96968 | Geh:7    | Identified the staff of the Enfolding Gods {rElec rPois Ice
                  | Alchemy}
 97004 | Geh:7    | Identified the +7 dagger of the Lair of Beasts {freeze,
                  | Str+3}
 97008 | Geh:7    | Identified the staff "Zakyi" {rF+ Int+2 Summ Fire}
 97014 | Geh:7    | Got an obsidian rune of Zot
 97618 | Tomb:1   | Entered Level 1 of the Tomb of the Ancients
 97903 | Tomb:1   | Identified the +1 buckler "Zuuggos" {Str+3 Slay+3}
 98111 | Tomb:1   | Noticed a royal mummy
 98129 | Tomb:1   | Killed a royal mummy
 98220 | Tomb:1   | Noticed a royal mummy
 98239 | Tomb:1   | Killed a royal mummy
 98259 | Tomb:1   | Lost mutation: You have an increased reservoir of magic.
                  | (+10% MP) [mutagenic glow]
 98583 | Tomb:1   | Noticed a royal mummy
 98585 | Tomb:1   | Killed a royal mummy
 98867 | Tomb:1   | Received a gift from Trog
 98906 | Tomb:1   | Noticed a royal mummy
 98913 | Tomb:1   | Killed a royal mummy
 98914 | Tomb:1   | Reached skill level 27 in Stealth
 99424 | Tomb:2   | Noticed a royal mummy
 99427 | Tomb:2   | Killed a royal mummy
 99443 | Tomb:2   | Noticed a royal mummy
 99446 | Tomb:2   | Noticed a royal mummy
 99483 | Tomb:2   | Killed a royal mummy
 99484 | Tomb:2   | Reached skill level 27 in Shapeshifting
 99502 | Tomb:2   | Noticed a royal mummy
 99507 | Tomb:2   | Killed a royal mummy
 99514 | Tomb:2   | Killed a royal mummy
 99522 | Tomb:2   | HP: 20/409 [torment (14)]
100136 | Tomb:2   | Lost mutation: You possess an exceptional clarity of mind.
                  | [mutagenic glow]
100161 | Tomb:2   | Gained mutation: You have hidden genetic defects.
                  | [mutagenic glow]
100205 | Tomb:2   | Lost mutation: You have large cloven feet. [mutagenic glow]
100206 | Tomb:2   | Paralysed by a Zot trap for 4 turns
100211 | Tomb:2   | Received a gift from Trog
100597 | Tomb:2   | Lost mutation: Your system is resistant to poisons. (rPois)
                  | [potion of mutation]
100597 | Tomb:2   | Lost mutation: You passively map a small area around you.
                  | [potion of mutation]
100597 | Tomb:2   | Gained mutation: You occasionally lose the ability to drink
                  | potions when taking damage. [potion of mutation]
100598 | Tomb:2   | Lost mutation: You occasionally lose the ability to drink
                  | potions when taking damage. [potion of mutation]
100598 | Tomb:2   | Lost mutation: You expend magic power (3 MP) to strengthen
                  | your wands. [potion of mutation]
100598 | Tomb:2   | Gained mutation: You are frail. (-10% HP) [potion of
                  | mutation]
100598 | Tomb:2   | Gained mutation: You are dopey. (Int -2) [potion of
                  | mutation]
100599 | Tomb:2   | Lost mutation: You are frail. (-10% HP) [potion of
                  | mutation]
100599 | Tomb:2   | Lost mutation: You have hidden genetic defects. [potion of
                  | mutation]
100599 | Tomb:2   | Gained mutation: Your system is resistant to poisons.
                  | (rPois) [potion of mutation]
100599 | Tomb:2   | Gained mutation: Your magical capacity is low. (-10% MP)
                  | [potion of mutation]
100599 | Tomb:2   | Gained mutation: Your muscles are strong. (Str +4, Int/Dex
                  | -1) [potion of mutation]
100599 | Tomb:2   | Gained mutation: You are resistant to electric shocks.
                  | (rElec) [potion of mutation]
100648 | Tomb:3   | Entered Level 3 of the Tomb of the Ancients
100659 | Tomb:3   | Lost mutation: Your muscles are strong. (Str +4, Int/Dex
                  | -1) [mutagenic glow]
100680 | Tomb:3   | Gained mutation: You are frail. (-10% HP) [mutagenic glow]
100707 | Tomb:3   | Noticed a royal mummy
100721 | Tomb:3   | Noticed a royal mummy
101057 | Tomb:3   | Killed a royal mummy
101062 | Tomb:3   | Noticed a royal mummy
101091 | Tomb:3   | Killed a royal mummy
101101 | Tomb:3   | Noticed a royal mummy
101121 | Tomb:3   | Noticed a royal mummy
101125 | Tomb:3   | Noticed a royal mummy
101130 | Tomb:3   | Killed a royal mummy
101148 | Tomb:3   | Noticed a royal mummy
101159 | Tomb:3   | Killed a royal mummy
101159 | Tomb:3   | Received a gift from Trog
101177 | Tomb:3   | Noticed a royal mummy
101187 | Tomb:3   | Killed a royal mummy
101191 | Tomb:3   | Killed a royal mummy
101194 | Tomb:3   | Killed a royal mummy
101222 | Tomb:3   | Noticed a royal mummy
101228 | Tomb:3   | Killed a royal mummy
101696 | Tomb:3   | Identified the +2 long sword "Xehaecep" {distort, Will+}
101728 | Tomb:3   | Identified the staff of the Imperium {Str+3 Earth}
101772 | Tomb:3   | Killed a royal mummy
102232 | Tomb:3   | Identified the +6 arbalest of Okawaru, Mauling {elec,
                  | ^Contam rElec rPois SInv}
102235 | Tomb:3   | Identified the ring of Bos Qio {Fire Str+5 Int+3 Dex-5
                  | Stlth+}
102869 | Zot:1    | Entered Level 1 of the Realm of Zot
103015 | Zot:5    | Entered Level 5 of the Realm of Zot
103356 | Zot:5    | Noticed an orb of fire
103361 | Zot:5    | Killed an orb of fire
103514 | Zot:5    | Got a prismatic gem with 396 turns to spare
103578 | Zot:5    | Noticed an orb of fire
103584 | Zot:5    | Gained mutation: You sometimes lose your temper in combat.
                  | [an orb of fire]
103585 | Zot:5    | Killed an orb of fire
103625 | Zot:5    | Received a gift from Trog
103633 | Zot:5    | Noticed an orb of fire
103636 | Zot:5    | Noticed a dread lich
103640 | Zot:5    | Killed an orb of fire
103644 | Zot:5    | Noticed a dread lich
103645 | Zot:5    | Killed a dread lich
103650 | Zot:5    | Killed a dread lich
103757 | Zot:5    | Noticed an orb of fire
103758 | Zot:5    | Got the Orb of Zot
103765 | Zot:5    | Killed an orb of fire
104257 | D:$      | Escaped with the Orb!

Illustrated notes

Levels and vault maps discovered:
D:1:      dpeg_arrival_water_temple_mockup, layout_basic, minmay_splitting_lines
D:2:      layout_basic, minmay_box_of_dots
D:3:      layout_basic, ashenzari_conservatory_becter, nicolae_uskayaw_suspiria,
          zin_academy, portal_sewer_entry_f, serial_forest,
          infiniplex_forest_clump_tiny, infiniplex_forest_clump_medium,
          infiniplex_forest_clump_long, infiniplex_forest_straight_4,
          infiniplex_forest_straight_2, infiniplex_forest_clump_tiny,
          infiniplex_forest_clump_medium, infiniplex_forest_lined_room_,
          infiniplex_forest_lined_room_2, infiniplex_forest_clump_curved,
          minmay_misc_feat_cross, st_stairs_4, item_on_display_b
D:4:      layout_rooms, old_standard_altar, general_overflow_altar
D:5:      minmay_opposing_rooms, layout_basic, nemelex_dance_club_becter
D:6:      layout_cave_pools, mainiacjoe_overflow_brackets, grunt_decor_cap,
          uniq_prince_ribbit1, uniq_eustachio
D:7:      layout_basic, mainiacjoe_overflow_alcove_1, kennysheep_orc_sif_temple,
          temple_statues, minmay_three_doors, uniq_jeremiah, uniq_maurice
D:8:      layout_layer_cave, mainiacjoe_overflow_six_doors_small,
          enter_bailey_4, uniq_grum
D:9:      layout_irregular_city, lemuel_crystal_altar,
          mainiacjoe_overflow_surrounded_room, hangedman_misty_isle
D:10:     minmay_the_grid_octo_tiled_octocenter
          [minmay_the_grid_octo_vomiting_pacman,
          minmay_the_grid_octo_concentric, minmay_the_grid_octo_empty,
          minmay_the_grid_octo_fat_diamond,
          minmay_the_grid_octo_prize_single_spiral,
          minmay_the_grid_square_5x5_almost_minimal,
          minmay_the_grid_square_5x5_minimal,
          minmay_the_grid_square_5x5_detours,
          minmay_the_grid_square_5x5_inner_i], layout_basic, lair_entry_dummy,
          kb_rosetta, uniq_sonja
D:11:     minmay_box_of_curves, layout_long_grid, orc_0_dummy, minivault_25
D:12:     lemuel_ogre_cave, layout_loops_ring, serial_shops, shop,
          minmay_ruined_shrine
D:13:     minmay_angry_zag, layout_basic, david_vaults_4
D:14:     layout_loops_corners, minmay_misc_feat_tiny, moated_statue,
          kennysheep_island_fort
D:15:     grunt_enter_depths_magical_seal, layout_basic, chequers_big_river,
          minivault_28
Lair:1:   layout_layer_cave, dreamdust_mushroom_princess,
          infiniplex_staircase_pool, uniq_gastronok, uniq_amaemon
Lair:2:   layout_chaotic_city, columned_hall_lemuel, uniq_urug, uniq_harold
Lair:3:   layout_loops_ring, elwin_shoals_entry_rooms,
          minmay_snake_entry_six_corridors
Lair:4:   layout_misc_corridors, slime_entry_1, grunt_forest_large_clearings,
          lemuel_fruit_fields, lemuel_fruit_tree, lemuel_fruit_fields
Lair:5:   guppyfry_lair_end_dragon, layout_cave_pods, hangedman_lair_in_review,
          serial_bayou_shore_b
Shoals:1: layout_shoals, nicolae_splish_splash, uniq_donald, uniq_jorgrun,
          uniq_nikola
Shoals:2: layout_shoals, serial_shops, shop_fountains, uniq_ilsuiw
Shoals:3: layout_shoals, serial_shops, shop, nicolae_shop_tiny_glass, shop,
          uniq_polyphemus
Shoals:4: shoals_end_hangedman, layout_shoals, shoal_ilsuiw
Snake:1:  cheibrodos_toxic_ritual, layout_basic
Snake:2:  layout_basic, basic_altar
Snake:3:  layout_grid_shapes, uniq_agnes
Snake:4:  minmay_snake_end_coiled, layout_cave_town, serial_shops,
          nicolae_shop_back_alley_shop, shop, nicolae_snake_gridmaze_squiggle,
          uniq_vashnia, uniq_saint_roka
Slime:1:  layout_caves, cheibrodos_slime_lost_civilization_7
Slime:2:  layout_caves, nicolae_slime_crime_time
Slime:3:  layout_caves
Slime:4:  layout_caves
Slime:5:  slime_pit
Orc:1:    layout_diamond_mine, basic_altar, minmay_orc_treasury
Orc:2:    st_orc_rangers, layout_diamond_mine, uniq_josephine
Elf:1:    minmay_elf_arrival_circle, layout_rooms, minmay_elf_necromancy,
          minmay_shop_grove
Elf:2:    nicolae_elf_blades_splatter_lattice
          [nicolae_blade_entry_hurt_lockers], layout_gridlike, serial_shops,
          shop, lemuel_upstairs_altar, uniq_louise
Elf:3:    minmay_elf_hall_furrowed, layout_gridlike
Vaults:1: v_misc_17, vaults_room_grunt_arrival_ludios, v_misc_3, v_misc_5,
          v_misc_9, v_rooms_2, nicolae_vaults_more_shelving_2,
          ontoclasm_vaults_ligature, nicolae_vaults_little_squares_5,
          nicolae_vaults_trapezoid_layered, gammafunk_the_bubble
          [the_bubble_gammafunk_crates], ontoclasm_vaults_decontamination,
          nicolae_vaults_tetromino_L_1, layout_vaults_ring, uniq_aizul
Vaults:2: nicolae_vaults_know_your_exits, vaults_mumra_hex,
          hangedman_vaults_stagger, v_alt_pattern_6, hangedman_vaults_pinch,
          v_misc_18, nicolae_vaults_house_1, nicolae_vaults_apartment_1,
          nicolae_vaults_little_squares_4, nicolae_vaults_house_1,
          layout_vaults_omnigrid, serial_shops, bzr_entry_lakeside
Vaults:3: nicolae_vaults_lightning_bolt, v_misc_25,
          nicolae_vaults_cornered_office, v_misc_18,
          hangedman_vaults_river_flow, minmay_crypt_entry_simple_walls,
          nicolae_vaults_turnstiles, nicolae_vaults_shelves_hall,
          nicolae_vaults_little_squares_1, lemuel_angel_altar,
          hangedman_vaults_variations, vaults_room_pools,
          nicolae_vaults_apartment_2, layout_vaults_omnicross, serial_shops,
          nicolae_shop_window_shopping
Vaults:4: mu_enter_wizlab_4, v_rooms_3, vaults_room_fours,
          ontoclasm_vaults_claustrophobia, hangedman_vaults_capsules,
          hangedman_vaults_stream, nicolae_vaults_network_quincunx
          [nicolae_vaults_network_quincunx_subvault,
          nicolae_vaults_network_quincunx_subvault,
          nicolae_vaults_network_quincunx_subvault,
          nicolae_vaults_network_quincunx_subvault,
          nicolae_vaults_network_quincunx_subvault],
          nicolae_vaults_network_star, nicolae_vaults_c_with_doors,
          nicolae_vaults_diamond_2, nicolae_vaults_little_squares_4,
          layout_vaults_omnibox
Vaults:5
Crypt:1:  layout_regular_city, grunt_ministairs_14, nicolae_crypt_knight_watch,
          uniq_sojobo, uniq_margery
Crypt:2:  layout_misc_corridors, uniq_grunn
Crypt:3:  cryptofortress_bobbens
Tomb:1
Tomb:2
Tomb:3
Depths:1: layout_cave_shapes, hell_entry, minmay_misc_feat_encased,
          eino_small_chamber_without_monster, st_stairs_6,
          nicolae_qazlal_style_of_elements, grunt_megastairs_3, minmay_shoptagon
Depths:2: hangedman_cross_cluster, layout_long_grid, enter_ziggurat_d,
          hell_entry, minmay_misc_feat_hallway, pan_entry,
          minmay_staircase_windowed_large
Depths:3: minmay_triangles_in_corner, layout_basic, abyss_entry_flame_altar,
          hell_entry, nicolae_hexahallways
Depths:4: lemuel_castle_with_subvaults [lemuel_castle_interior_carwin_1],
          layout_honeycomb, pan_entry, grunt_mini_vestibule,
          minmay_misc_feat_pillars, enter_trove_2, uniq_mennas
Hell
Dis:1:    layout_overlapping_boxes, nicolae_dis_emergency_hatch
Dis:2:    layout_jigsaw, nicolae_hells_hurtin_island
Dis:3:    nicolae_dis_pentagon_1, layout_overlapping_boxes
Dis:4:    layout_subdivisions, nicolae_dis_metal_dragon_surprise
Dis:5:    layout_regular_city
Dis:6:    layout_gridville
Dis:7:    dis_hangedman
Geh:1:    nicolae_geh_lava_swirls, layout_gehenna_lava_caves
Geh:2:    layout_gehenna_pools_box
Geh:3:    layout_gehenna_lava_caves
Geh:4:    layout_gehenna_pools_basic
Geh:5:    layout_gehenna_lava_caves
Geh:6:    layout_gehenna_lava_caves
Geh:7:    geh_mu
Coc:1:    layout_cocytus_water_paths
Coc:2:    layout_cocytus_water_paths
Coc:3:    layout_cocytus_water_paths
Coc:4:    layout_ice_bergs
Coc:5:    layout_ice_bergs
Coc:6:    layout_ice_bergs, hangedman_elemental_grid_stream
Coc:7:    coc_grunt_cove [coc_grunt_cove_antaeus, coc_grunt_cove_fiend,
          coc_grunt_cove_fiend, coc_grunt_cove_fiend, coc_grunt_cove_fiend]
Tar:1:    layout_catacombs
Tar:2:    layout_honeycomb
Tar:3:    nicolae_hells_titanomachy
Tar:4:    layout_honeycomb
Tar:6:    layout_grid_maze
Tar:7:    tar_grunt_cathedral
Zot:1:    layout_twisted_circle, grunt_ministairs_8
Zot:2:    layout_misc_corridors, ebering_ghost_xom, grunt_megastairs_1, uniq_vv
Zot:3:    layout_basic, regret_index_zotdec_stipple_waver, grunt_megastairs_5
Zot:4:    layout_gridlike
Zot:5:    layout_misc_corridors, regret_index_zotdec_onion_hex,
          grunt_ministairs_15

Skill      XL: |  1  2  3  4  5  6  7  8  9 10 11 12 13 14 15 16 17 18 19 20 21 22 23 24 25 26 27 |
---------------+----------------------------------------------------------------------------------+-----
Unarmed Combat | 4 5 6 8 9 11 13 14 15 16 17 18 19 20 22 24 27 | 27.0
Fighting       | 4 5 6 8 11 12 13 14 16 17 18 19 20 22 23 27 | 27.0
Shapeshifting  | 2 7 8 10 11 12 15 16 18 20 27 | 27.0
Evocations     | 4 6 8 10 12 13 14 15 16 18 20 27 | 27.0
Dodging        | 5 8 10 12 14 15 16 17 18 19 26 | 26.4
Stealth        | 2 5 7 10 12 15 18 27 | 27.0
Throwing       | 3 |  3.0

Action                     |  1- 3 |  4- 6 |  7- 9 | 10-12 | 13-15 | 16-18 | 19-21 | 22-24 | 25-27 || total
---------------------------+-------+-------+-------+-------+-------+-------+-------+-------+-------++-------
  Melee: Unarmed           |    83 |   142 |   307 |   702 |   752 |   934 |   994 |  1157 |  3292 ||  8363
         Tailslap          |     7 |    10 |    43 |   132 |   125 |    79 |   192 |   270 |   654 ||  1512
         Punch             |       |     4 |    10 |       |    49 |    56 |    52 |       |   626 ||   797
         Constrict         |       |       |       |       |    12 |   105 |     4 |       |       ||   121
         Bite              |       |       |       |       |       |       |       |       |   414 ||   414
  Throw: Dart              |       |       |       |       |       |     3 |       |       |       ||     3
 Invoke: Berserk           |     1 |     2 |     3 |    10 |     6 |    10 |     4 |     2 |    16 ||    54
         Trog's Hand       |       |     1 |       |     4 |     4 |    13 |    12 |    12 |    72 ||   118
         Brothers in Arms  |       |       |       |     3 |       |     5 |     3 |     4 |     7 ||    22
Ability: Steam Breath      |       |       |     6 |     8 |    13 |     3 |       |       |    18 ||    48
         Begin Untransform |       |       |       |       |     1 |     1 |       |     1 |     1 ||     4
  Evoke: Wand              |       |       |       |     3 |       |    14 |     4 |     4 |   133 ||   158
         Sack of spiders   |       |       |       |     1 |     1 |     3 |     1 |     2 |     8 ||    16
         Condenser vane    |       |       |       |       |     2 |     7 |     4 |     4 |    10 ||    27
         Lightning rod     |       |       |       |       |     6 |    19 |     6 |     9 |    19 ||    59
         Phantom mirror    |       |       |       |       |       |     3 |     2 |     3 |     7 ||    15
         Phial of floods   |       |       |       |       |       |     2 |       |     1 |     1 ||     4
         Horn of Geryon    |       |       |       |       |       |       |       |       |     5 ||     5
    Use: Scroll            |       |       |       |    13 |    11 |     8 |     6 |     7 |    67 ||   112
         Potion            |       |       |       |       |       |     1 |     4 |     2 |    80 ||    87
   Stab: Sleeping          |       |     2 |     1 |       |    17 |    17 |    31 |    15 |    70 ||   153
         Confused          |       |       |       |     1 |       |       |       |       |     7 ||     8
         Distracted        |       |       |       |     1 |     3 |     3 |     7 |     7 |    82 ||   103
         Held in net/web   |       |       |       |     1 |       |     1 |       |     1 |     3 ||     6
         Petrified         |       |       |       |       |     5 |     3 |       |       |       ||     8
         Petrifying        |       |       |       |       |     1 |       |       |       |       ||     1
         Paralysed         |       |       |       |       |       |     1 |       |       |     9 ||    10
         Invisible         |       |       |       |       |       |       |       |     1 |    15 ||    16
 Armour: Skin              |    34 |    67 |   168 |   508 |   452 |   855 |   899 |   839 |  1587 ||  5409
  Dodge: Dodged            |    50 |    87 |   181 |   646 |   697 |  1240 |  1596 |  1735 |  2963 ||  9195
   Form: Flux              |       |       |     1 |       |       |       |       |       |       ||     1
         Blade             |       |       |       |       |     4 |       |       |       |       ||     4
         Serpent           |       |       |       |       |     3 |     2 |     1 |       |       ||     6
         Statue            |       |       |       |       |       |     3 |     1 |     1 |       ||     5
                           |       |       |       |       |       |       |     1 |       |       ||     1
         Dragon            |       |       |       |       |       |       |       |       |     2 ||     2

Table legend: (Time is in decaauts)
 A = Elapsed time spent in this place.
 B = Non-inter-level travel time spent in this place.
 C = Inter-level travel time spent in this place.
 D = Time resting spent in this place.
 E = Time spent auto-exploring this place.
 F = Levels seen in this place.
 G = Mean time per level.
                   A        B        C        D        E       F      G
               +--------+--------+--------+--------+--------+-----+--------+
         Total | 115580 | 106873 |   8707 |  10328 |  73141 | 113 | 1022.8 |
       Dungeon |  20171 |  17895 |   2276 |    487 |  14339 |  15 | 1344.7 |
          Lair |   8376 |   7541 |    835 |    285 |   6206 |   5 | 1675.2 |
        Shoals |   5696 |   5226 |    470 |      0 |   4010 |   4 | 1424.0 |
     Snake Pit |   8288 |   8122 |    166 |    599 |   6377 |   4 | 2072.0 |
    Slime Pits |   2431 |   2315 |    116 |    659 |    804 |   5 |  486.2 |
  Orcish Mines |   2524 |   2242 |    282 |     53 |   1752 |   2 | 1262.0 |
   Elven Halls |   5519 |   5030 |    489 |      4 |   3745 |   3 | 1839.7 |
        Vaults |  12227 |  10486 |   1741 |    230 |   8249 |   5 | 2445.4 |
         Crypt |   4705 |   4308 |    397 |      7 |   3301 |   3 | 1568.3 |
          Tomb |   4620 |   4403 |    217 |    644 |   2853 |   3 | 1540.0 |
        Depths |   8552 |   7308 |   1244 |    231 |   5815 |   4 | 2138.0 |
          Hell |    816 |    805 |     11 |    401 |    134 |   1 |  816.0 |
           Dis |   4289 |   4184 |    105 |    818 |   2397 |   7 |  612.7 |
       Gehenna |   2295 |   2106 |    189 |    147 |   1515 |   7 |  327.9 |
       Cocytus |   5313 |   5294 |     19 |   3260 |    518 |   7 |  759.0 |
      Tartarus |   2273 |   2214 |     59 |    758 |    649 |   6 |  378.8 |
           Zot |    951 |    866 |     85 |     51 |    418 |   5 |  190.2 |
         Abyss |    236 |    236 |      0 |      0 |     61 |   2 |  118.0 |
   Pandemonium |  13467 |  13467 |      0 |   1684 |   7873 |  20 |  673.3 |
        Bazaar |     80 |     80 |      0 |      0 |     64 |   1 |   80.0 |
         Trove |     91 |     91 |      0 |      0 |      0 |   1 |   91.0 |
         Sewer |    500 |    500 |      0 |      5 |    359 |   1 |  500.0 |
        Bailey |    966 |    966 |      0 |      0 |    770 |   1 |  966.0 |
        Wizlab |   1183 |   1183 |      0 |      0 |    927 |   1 | 1183.0 |
               +--------+--------+--------+--------+--------+-----+--------+

Top non-repeatable levels by time:
   Coc:7: 2898 daAuts
Vaults:3: 2839 daAuts
   Dis:7: 2809 daAuts
Depths:4: 2802 daAuts
Vaults:1: 2749 daAuts
 Snake:3: 2515 daAuts
    D:10: 2510 daAuts
Depths:3: 2435 daAuts
   Elf:3: 2424 daAuts
Vaults:2: 2367 daAuts
    D:11: 2330 daAuts
  Lair:5: 2276 daAuts
Vaults:5: 2191 daAuts
 Snake:4: 2166 daAuts
Vaults:4: 2078 daAuts
